[Event "Titled Tuesday Blitz May 16 Early 2023"]
[White "Han, Yichen"]
[Black "Koutsin, Sergey"]
[WhiteFideId "1054430"]
[BlackFideId "14101483"]
[WhiteElo "2342"]
[BlackElo "2381"]
[Result "0-1"]
[Round "05"]
[TimeControl "180+2"]
[Date "2023.05.16"]
[WhiteClock "0:00:00"]
[BlackClock "0:00:53"]

1. d4 Nf6 2. c4 e6 3. Nc3 Bb4 4. e3 O-O 5. Nf3 c5 6. Bd3 Nc6 7. Bd2 d5 8. a3 dxc4 9. Bxc4 cxd4 10. axb4 dxc3 11. Bxc3 Nd5 12. Bxd5 Qxd5 13. Qxd5 exd5 14. Rd1 Be6 15. b5 Nb8 16. O-O Nd7 17. Nd4 Nb6 18. Rc1 Rfc8 19. b3 a6 20. Ba5 Nd7 21. bxa6 bxa6 22. f4 Nc5 23. Bb6 Nd3 24. Rc6 Nb4 25. Rc7 Rxc7 26. Bxc7 Rc8 27. Bd6 Nc2 28. Nxe6 fxe6 29. Rc1 Rc6 30. Be5 Nb4 31. Ra1 Nc2 32. Rc1 Nb4 33. Ra1 Kf7 34. Ra4 Nd3 35. h3 Nxe5 36. fxe5 g5 37. Rb4 Kg6 38. Rb7 Kf5 39. Rxh7 Kxe5 40. Rg7 Kf6 41. Rb7 Kf5 42. Kf2 Ke4 43. g4 e5 44. Rb8 Rc2+ 45. Kg3 Kxe3 46. Rg8 d4 47. Rxg5 e4 48. Rd5 d3 49. h4 d2 50. h5 Rc5 51. Rd8 Rc3 52. h6 Rd3 53. Rxd3+ exd3 54. h7 d1=Q 55. h8=Q Qg1+ 56. Kh4 Qh1+ 0-1


[Site "https://www.chess.com"]

[Event "Titled Tuesday Blitz May 16 Early 2023"]
[White "Moksh Amit Doshi"]
[Black "Chabris, Christopher"]
[WhiteFideId "25064967"]
[BlackFideId "2005263"]
[WhiteElo "2297"]
[BlackElo "2378"]
[Result "1-0"]
[Round "05"]
[TimeControl "180+2"]
[Date "2023.05.16"]
[WhiteClock "0:01:05"]
[BlackClock "0:00:00"]

1. c4 e5 2. Nc3 Nf6 3. Nf3 Nc6 4. e4 Bb4 5. d3 Bxc3+ 6. bxc3 O-O 7. g3 d6 8. Bg2 a6 9. O-O b5 10. cxb5 axb5 11. Nh4 Be6 12. Qc2 b4 13. f4 bxc3 14. Qxc3 Nd4 15. Rf2 Ng4 16. Rb2 c6 17. h3 Nf6 18. Be3 c5 19. a4 Qa5 20. Qxa5 Rxa5 21. f5 Bd7 22. Rb6 Nc2 23. Bd2 Nxa1 24. Bxa5 Ra8 25. Bc3 Rxa4 26. Rxd6 Kf8 27. Bxe5 Ke7 28. g4 Ne8 29. Rb6 Nc2 30. Nf3 f6 31. Bf4 c4 32. d4 c3 33. Rb3 Ra3 34. Rxa3 Nxa3 35. Kf2 Bb5 36. Bc1 Nb1 37. e5 Nc7 38. Ne1 fxe5 39. dxe5 Nd2 40. Ke3 Nc4+ 41. Kd4 Nb2 42. Kxc3 Nd1+ 43. Kd4 1-0


[Site "https://www.chess.com"]

[Event "Titled Tuesday Blitz May 16 Early 2023"]
[White "Gontcharov, Vladislav"]
[Black "Topalov, Aleksandar"]
[WhiteFideId "4123492"]
[BlackFideId "925659"]
[WhiteElo "2420"]
[BlackElo "2151"]
[Result "1-0"]
[Round "05"]
[TimeControl "180+2"]
[Date "2023.05.16"]
[WhiteClock "0:00:49"]
[BlackClock "0:00:00"]

1. d4 Nf6 2. c4 c5 3. d5 d6 4. Nc3 g6 5. e4 Bg7 6. h3 O-O 7. Nf3 Na6 8. Bd3 Nc7 9. O-O e5 10. dxe6 Nxe6 11. Nd5 Nxd5 12. exd5 Nd4 13. Ng5 h6 14. Ne4 Bf5 15. Re1 Bxe4 16. Rxe4 Qf6 17. Rb1 Rfe8 18. b4 Rxe4 19. Bxe4 cxb4 20. Rxb4 b6 21. Be3 Re8 22. Bd3 Qe5 23. a4 f5 24. Rb1 Kh7 25. Qd2 Qf6 26. a5 bxa5 27. Rb7 h5 28. Rxa7 Kg8 29. Qxa5 f4 30. Bxd4 Qxd4 31. Bxg6 Rf8 32. Qc7 f3 33. gxf3 1-0


[Site "https://www.chess.com"]

[Event "Titled Tuesday Blitz May 16 Early 2023"]
[White "Shevtchenko, Olesya"]
[Black "Fernandez Siles, Luis"]
[WhiteFideId "24131890"]
[BlackFideId "2209420"]
[WhiteElo "2003"]
[BlackElo "2195"]
[Result "1-0"]
[Round "05"]
[TimeControl "180+2"]
[Date "2023.05.16"]
[WhiteClock "0:01:35"]
[BlackClock "0:00:00"]

1. e4 c5 2. Nf3 Nc6 3. Bb5 g6 4. O-O Bg7 5. Re1 Nf6 6. e5 Nd5 7. Nc3 Nc7 8. Bxc6 dxc6 9. h3 O-O 10. a4 a5 11. d3 b6 12. Be3 Nd5 13. Bd2 Ba6 14. b3 Nxc3 15. Bxc3 Bc8 16. Qe2 Be6 17. Bd2 h6 18. Bf4 g5 19. Bd2 Bf5 20. Bc3 e6 21. Nd2 b5 22. Ne4 Bxe4 23. Qxe4 Qd5 24. Qxd5 exd5 25. axb5 cxb5 26. Rxa5 b4 27. Rxa8 Rxa8 28. Bb2 Ra2 29. Rb1 Kf8 30. g3 Ke7 31. f4 gxf4 32. gxf4 Ke6 33. Kg2 Kf5 34. e6 fxe6 35. Bxg7 Rxc2+ 36. Kf3 Rh2 37. Bf8 Rxh3+ 38. Kg2 Rxd3 39. Bxc5 Kxf4 40. Bxb4 e5 41. Be1 e4 42. b4 Ra3 43. b5 Ra8 44. b6 Rg8+ 45. Kh2 d4 46. b7 Rb8 47. Bg3+ 1-0


[Site "https://www.chess.com"]

[Event "Titled Tuesday Blitz May 16 Early 2023"]
[White "Skaric, Djuro"]
[Black "Dixit, Nikhil"]
[WhiteFideId "934569"]
[BlackFideId "5059534"]
[WhiteElo "2282"]
[BlackElo "2207"]
[Result "0-1"]
[Round "05"]
[TimeControl "180+2"]
[Date "2023.05.16"]
[WhiteClock "0:00:55"]
[BlackClock "0:01:14"]

1. g3 Nf6 2. Bg2 g6 3. e4 d6 4. Nc3 Bg7 5. h3 O-O 6. d3 Nc6 7. f4 Nd4 8. Nf3 c5 9. O-O Ne8 10. g4 Nc7 11. a4 Rb8 12. Be3 a6 13. a5 Ncb5 14. Bxd4 Nxd4 15. Nxd4 cxd4 16. Nd5 e6 17. Nb6 Bd7 18. Rf2 Bc6 19. g5 f5 20. gxf6 Rxf6 21. Qg4 Qe7 22. Raf1 Rbf8 23. h4 Bh6 24. f5 Be3 25. Kh2 Bxf2 26. Rxf2 exf5 27. exf5 Rxf5 28. Re2 Re5 29. Nd5 Bxd5 30. Bxd5+ Kh8 31. Qxd4 Qf6 32. Rxe5 dxe5 33. Qg4 Qf2+ 34. Bg2 Rf4 35. Qc8+ Kg7 0-1


[Site "https://www.chess.com"]

[Event "Titled Tuesday Blitz May 16 Early 2023"]
[White "Fiorito, Joaquin"]
[Black "Onslow, Alfie"]
[WhiteFideId "180173"]
[BlackFideId "436976"]
[WhiteElo "2157"]
[BlackElo "2114"]
[Result "1-0"]
[Round "05"]
[TimeControl "180+2"]
[Date "2023.05.16"]
[WhiteClock "0:01:06"]
[BlackClock "0:00:04"]

1. d4 Nf6 2. c4 c5 3. d5 b5 4. Qc2 d6 5. e4 bxc4 6. Bxc4 g6 7. Nf3 Bg7 8. O-O O-O 9. Nc3 Nbd7 10. h3 Nb6 11. Be2 e6 12. dxe6 Bxe6 13. Rd1 Qe7 14. Bf4 Rfd8 15. e5 dxe5 16. Nxe5 Rac8 17. Ba6 Rc7 18. Rxd8+ Qxd8 19. Nb5 Nfd5 20. Nxc7 Qxc7 21. Nxg6 Nxf4 22. Nxf4 Qxf4 23. Qxc5 Bxb2 24. Rd1 Be5 25. g3 Qf3 26. Rd8+ Kg7 27. Qxe5+ Qf6 28. Rg8+ Kxg8 29. Qxf6 1-0


[Site "https://www.chess.com"]

[Event "Titled Tuesday Blitz May 16 Early 2023"]
[White "Melikyan, Gnel"]
[Black "Maung, Maung Kyaw Zaw Hein"]
[WhiteFideId "54109990"]
[BlackFideId "13001698"]
[WhiteElo "2138"]
[BlackElo "2019"]
[Result "1-0"]
[Round "05"]
[TimeControl "180+2"]
[Date "2023.05.16"]
[WhiteClock "0:00:08"]
[BlackClock "0:00:12"]

1. e4 c6 2. e5 d5 3. exd6 exd6 4. Nf3 Nf6 5. Be2 d5 6. O-O Bd6 7. Re1 O-O 8. Bf1 Bg4 9. h3 Bh5 10. Nc3 Nbd7 11. d3 Ne5 12. Be2 Nxf3+ 13. Bxf3 Bxf3 14. Qxf3 Qc7 15. Bg5 Nd7 16. Re2 Rab8 17. Rae1 Ne5 18. Qf5 Ng6 19. g3 Qc8 20. Qxc8 Rbxc8 21. h4 f6 22. Be3 Kf7 23. Bxa7 Ne5 24. Kg2 b5 25. Be3 b4 26. Na4 Ra8 27. b3 Rac8 28. Bf4 c5 29. Nb6 Rc6 30. Nxd5 Ra8 31. Ra1 Rca6 32. a4 bxa3 33. Ra2 h6 34. Bxe5 Bxe5 35. Rxe5 fxe5 36. Nc7 Ke7 37. Nxa8 Rxa8 38. Kf3 Kd6 39. Ke4 Ke6 40. f3 Kd6 41. c3 g6 42. g4 Ke6 43. d4 exd4 44. cxd4 Kd6 45. f4 Re8+ 46. Kd3 Ra8 47. Kc4 cxd4 48. Kxd4 Rf8 49. Ke4 Re8+ 50. Kd4 Rf8 51. f5 gxf5 52. Rxa3 fxg4 53. Ra6+ Kc7 54. Rxh6 Rf3 55. b4 Rb3 56. Kc4 Rb1 57. Rg6 Rg1 58. Kc5 g3 59. Rg7+ Kc8 60. Kb6 Rb1 61. b5 Rb4 62. h5 Rh4 63. Rg5 g2 64. Kc6 Kb8 65. Rg8+ Ka7 66. b6+ Ka6 67. Ra8# 1-0


[Site "https://www.chess.com"]

[Event "Titled Tuesday Blitz May 16 Early 2023"]
[White "Omelja, Artem"]
[Black "Buscar, Michael"]
[WhiteFideId "14119846"]
[BlackFideId "2603616"]
[WhiteElo "2404"]
[BlackElo "2010"]
[Result "1-0"]
[Round "05"]
[TimeControl "180+2"]
[Date "2023.05.16"]
[WhiteClock "0:01:12"]
[BlackClock "0:00:00"]

1. e4 c5 2. Nf3 Nc6 3. Bb5 Nf6 4. Bxc6 bxc6 5. d3 d6 6. O-O e5 7. Re1 Be7 8. c3 O-O 9. d4 cxd4 10. cxd4 exd4 11. Nxd4 Bb7 12. Nc3 c5 13. Nf5 Re8 14. Nxe7+ Qxe7 15. Bg5 Qe5 16. Bh4 Qd4 17. Qxd4 cxd4 18. Bxf6 dxc3 19. Bxc3 Rxe4 20. Rxe4 Bxe4 21. Re1 Bd5 22. a3 Be6 23. Rd1 Rd8 24. f3 f6 25. Rd4 Bb3 26. Rb4 Bc2 27. Rb7 a6 28. Rb6 Bd3 29. Kf2 Rd7 30. Ke3 Bf1 31. g3 Kf7 32. Kd4 Be2 33. f4 Ke6 34. Bb4 h5 35. Ke4 g5 36. Bd2 f5+ 37. Kd4 g4 38. a4 Bf1 39. b4 Be2 40. b5 axb5 41. a5 b4 42. Bxb4 Bf1 43. a6 Ke7 44. Kd5 Bg2+ 45. Kc4 Be4 46. Kb5 Ke6 47. Rb8 Kd5 48. Kb6 Kd4 49. Rb7 Ke3 50. Rxd7 1-0


[Site "https://www.chess.com"]

[Event "Titled Tuesday Blitz May 16 Early 2023"]
[White "Goldin, Roman"]
[Black "Guerra Tulcan, Lenin"]
[WhiteFideId "2803860"]
[BlackFideId "3601382"]
[WhiteElo "2312"]
[BlackElo "2368"]
[Result "1-0"]
[Round "05"]
[TimeControl "180+2"]
[Date "2023.05.16"]
[WhiteClock "0:00:06"]
[BlackClock "0:00:27"]

1. e4 c5 2. Nf3 e6 3. c3 b6 4. d4 cxd4 5. cxd4 Bb7 6. Bd3 Nf6 7. Qe2 d5 8. e5 Ne4 9. O-O Be7 10. Nbd2 Nxd2 11. Bxd2 Nd7 12. h4 O-O 13. Bg5 Re8 14. Qc2 h6 15. Bxe7 Qxe7 16. Qa4 Rec8 17. Rac1 Qd8 18. h5 a6 19. Bb1 b5 20. Qb3 Rxc1 21. Rxc1 Rc8 22. Rc3 Rxc3 23. Qxc3 Qc8 24. Qxc8+ Bxc8 25. Ne1 a5 26. Kf1 b4 27. Ke2 Kf8 28. Bd3 Ke7 29. Bb5 Nb8 30. Nd3 Bd7 31. Bxd7 Kxd7 32. g4 Kc6 33. f4 Kb5 34. b3 Nc6 35. Ke3 a4 36. g5 Ne7 37. Nc5 axb3 38. axb3 Nf5+ 39. Kd3 Kc6 40. g6 fxg6 41. hxg6 Nh4 42. Nxe6 Nxg6 43. f5 Kd7 44. Nxg7 Nf4+ 45. Ke3 Ng2+ 46. Kf2 Nf4 47. f6 h5 48. Kf3 Nd3 49. e6+ Kd6 50. e7 Ne1+ 51. Ke2 1-0


[Site "https://www.chess.com"]

[Event "Titled Tuesday Blitz May 16 Early 2023"]
[White "Belov, Alexei"]
[Black "mjelcic"]
[WhiteFideId "4128206"]
[WhiteElo "2539"]
[BlackElo "2259"]
[Result "1-0"]
[Round "05"]
[TimeControl "180+2"]
[Date "2023.05.16"]
[WhiteClock "0:01:28"]
[BlackClock "0:01:26"]

1. e4 g6 2. d4 Bg7 3. Nc3 d6 4. f4 Nd7 5. Nf3 a6 6. a4 Ngf6 7. e5 dxe5 8. dxe5 Ng8 9. Bc4 e6 10. Be3 Ne7 11. Qe2 O-O 12. O-O b6 13. Rad1 Bb7 14. Ng5 Nf5 15. Nxe6 Qe7 16. Nxf8 Bxf8 17. Nd5 Bxd5 18. Bxd5 Rd8 19. Bf2 h5 20. Qxa6 Nc5 21. Qc4 Qe8 22. Bxf7+ Qxf7 23. Qxf7+ Kxf7 24. Rxd8 Nxa4 25. b3 Nc3 26. Rd7+ Be7 27. Rxc7 Ne2+ 28. Kh1 Nxf4 29. Bxb6 g5 30. Bc5 1-0


[Site "https://www.chess.com"]

[Event "Titled Tuesday Blitz May 16 Early 2023"]
[White "Hossain, Enamul"]
[Black "Smietanska, Wiktoria"]
[WhiteFideId "10200649"]
[BlackFideId "21869359"]
[WhiteElo "2433"]
[BlackElo "1995"]
[Result "1-0"]
[Round "05"]
[TimeControl "180+2"]
[Date "2023.05.16"]
[WhiteClock "0:00:47"]
[BlackClock "0:00:00"]

1. e4 c5 2. Nf3 d6 3. d4 cxd4 4. Nxd4 Nf6 5. Nc3 a6 6. Be3 e5 7. Nf3 Be7 8. Bc4 O-O 9. O-O Be6 10. Bb3 Nc6 11. Qe2 b5 12. Rfd1 b4 13. Nd5 Bxd5 14. Bxd5 Nxd5 15. Rxd5 a5 16. Rad1 Qc7 17. Bg5 f6 18. Be3 Rfd8 19. g3 Bf8 20. h4 Ne7 21. R5d2 Qc6 22. h5 Qxe4 23. h6 g6 24. Rxd6 Rxd6 25. Rxd6 Kf7 26. Rxf6+ Kg8 27. Qb5 Qxc2 28. Qd7 Qc8 29. Rxf8+ Kxf8 30. Qd6 Qc6 31. Qxe5 Qxf3 32. Qh8+ Ng8 33. Qg7+ Ke8 34. Qxg8+ Qf8 35. Qxh7 1-0


[Site "https://www.chess.com"]

[Event "Titled Tuesday Blitz May 16 Early 2023"]
[White "Krsnik Cohar, Ivan Vihor"]
[Black "Brown, Raehanna"]
[WhiteFideId "14520044"]
[BlackFideId "7402740"]
[WhiteElo "2414"]
[BlackElo "1655"]
[Result "1-0"]
[Round "05"]
[TimeControl "180+2"]
[Date "2023.05.16"]
[WhiteClock "0:01:55"]
[BlackClock "0:00:53"]

1. e4 c5 2. Ne2 Nc6 3. g3 g6 4. Bg2 Bg7 5. c3 e5 6. d3 Nge7 7. Be3 b6 8. d4 cxd4 9. cxd4 exd4 10. Nxd4 Ne5 11. Nb5 O-O 12. N1a3 Ba6 13. O-O Bxb5 14. Nxb5 Nc4 15. Bd4 Nxb2 16. Qb3 a6 17. Bxg7 Kxg7 18. Qxb2+ Kg8 19. Nd6 Qc7 20. Rfd1 Nc6 21. Qf6 b5 22. h4 Na5 23. h5 Nc4 24. h6 Nxd6 25. Qg7# 1-0


[Site "https://www.chess.com"]

[Event "Titled Tuesday Blitz May 16 Early 2023"]
[White "Gonzalez, Francisco Silva"]
[Black "Sanchez, Robert"]
[WhiteFideId "1512285"]
[BlackFideId "2034360"]
[WhiteElo "2074"]
[BlackElo "1873"]
[Result "1-0"]
[Round "05"]
[TimeControl "180+2"]
[Date "2023.05.16"]
[WhiteClock "0:00:56"]
[BlackClock "0:01:39"]

1. d4 d5 2. c4 e5 3. dxe5 d4 4. Nf3 Nc6 5. Nbd2 Bg4 6. g3 Qe7 7. Bg2 O-O-O 8. O-O h5 9. h3 Be6 10. a3 g5 11. b4 g4 12. hxg4 hxg4 13. Nh4 Nxe5 14. Qa4 Kb8 15. Bb2 Ng6 16. Nxg6 fxg6 17. Rfc1 Bd7 18. b5 Bg7 19. Qd1 Nh6 20. Ne4 Nf5 21. a4 Be5 22. Qd3 Qh7 23. Kf1 Qh2 24. c5 Ne3+ 25. fxe3 Rdf8+ 26. Ke1 dxe3 27. Kd1 Bxb2 1-0


[Site "https://www.chess.com"]

[Event "Titled Tuesday Blitz May 16 Early 2023"]
[White "Molina, Roberto Junio Brito"]
[Black "Torres Dominguez, David"]
[WhiteFideId "2109450"]
[BlackFideId "2220857"]
[WhiteElo "2376"]
[BlackElo "1999"]
[Result "1-0"]
[Round "05"]
[TimeControl "180+2"]
[Date "2023.05.16"]
[WhiteClock "0:00:18"]
[BlackClock "0:00:07"]

1. d4 e5 2. dxe5 d6 3. exd6 Bxd6 4. Nd2 Nc6 5. Nc4 Bb4+ 6. c3 Qxd1+ 7. Kxd1 Bc5 8. Be3 Bxe3 9. Nxe3 Be6 10. Ke1 O-O-O 11. Nf3 Nh6 12. Nc2 Kb8 13. e3 Rhe8 14. Bb5 Rd6 15. Ncd4 Bd7 16. Bxc6 Bxc6 17. Nxc6+ Rxc6 18. Ke2 Rb6 19. b3 a5 20. Rhd1 Re7 21. Rd5 Ra6 22. Rad1 a4 23. b4 Rc6 24. R1d3 g6 25. Nd4 Ra6 26. Nb5 b6 27. Nd4 Kb7 28. Nc6 Re8 29. b5 Raa8 30. Rd7 Re4 31. f3 Ree8 32. g4 g5 33. h3 a3 34. Kd2 Ra4 35. Rd8 Ra8 36. Rxa8 Rxa8 37. Rd7 Ra4 38. Kd3 Ra8 39. e4 Re8 40. c4 Re6 41. Rd8 Rd6+ 42. Rxd6 cxd6 43. Kd4 Kc7 44. Nb4 f6 45. Nd5+ Kb7 46. Nxf6 Nf7 47. Nxh7 Kc7 48. Kd5 Kd7 49. Kd4 Ke6 50. Ke3 Ke5 51. Nxg5 1-0


[Site "https://www.chess.com"]

[Event "Titled Tuesday Blitz May 16 Early 2023"]
[White "Balla, Tamas-Kristof"]
[Black "Camilla_Lee"]
[WhiteFideId "1208497"]
[WhiteElo "2334"]
[BlackElo "2613"]
[Result "0-1"]
[Round "05"]
[TimeControl "180+2"]
[Date "2023.05.16"]
[WhiteClock "0:00:00"]
[BlackClock "0:00:03"]

1. f4 d5 2. b3 c5 3. Bb2 d4 4. Na3 Nc6 5. e3 g6 6. Nf3 Bg7 7. Bb5 Nh6 8. exd4 cxd4 9. Ne5 Bxe5 10. fxe5 Bg4 11. Qc1 Qd5 12. O-O Qxe5 13. Qe1 Qc5 14. Qh4 Qh5 15. Qxh5 gxh5 16. Bxd4 Rg8 17. Bxc6+ bxc6 18. Kh1 Nf5 19. Bc5 h4 20. Rae1 e6 21. Rf4 h3 22. g3 O-O-O 23. d3 h5 24. Bxa7 Kb7 25. Bc5 Ra8 26. Rb4+ Kc7 27. Rf4 h4 28. Rg1 hxg3 29. hxg3 Rg6 30. Kh2 Nh6 31. Rgf1 Bf5 32. Bb4 Ng4+ 33. Rxg4 Rxg4 0-1


[Site "https://www.chess.com"]

[Event "Titled Tuesday Blitz May 16 Early 2023"]
[White "Przybylski, Wojciech"]
[Black "Girya, Olga"]
[WhiteFideId "1117599"]
[BlackFideId "4195752"]
[WhiteElo "2222"]
[BlackElo "2263"]
[Result "0-1"]
[Round "05"]
[TimeControl "180+2"]
[Date "2023.05.16"]
[WhiteClock "0:00:04"]
[BlackClock "0:00:08"]

1. d4 Nf6 2. g3 d5 3. Bg2 c6 4. Nf3 Bf5 5. O-O h6 6. c4 e6 7. Nc3 Nbd7 8. Nd2 Be7 9. Re1 O-O 10. b3 Re8 11. e4 dxe4 12. Ndxe4 Nxe4 13. Nxe4 Nf6 14. Bb2 a5 15. a4 Nxe4 16. Bxe4 Bxe4 17. Rxe4 Bf6 18. Qe2 Qb6 19. Qe3 Rad8 20. Kg2 Rd7 21. Rd1 Red8 22. f4 Qb4 23. c5 b6 24. cxb6 Qxb6 25. g4 Rd5 26. Rc1 Qb7 27. g5 hxg5 28. fxg5 Bxg5 29. Qc3 Bxc1 30. Qxc1 c5 31. Kg1 cxd4 32. Rg4 Qxb3 33. Qd2 Qe3+ 34. Qxe3 dxe3 35. Bc3 e5 36. Re4 f6 37. Be1 Rd3 38. Kf1 Ra3 39. Bxa5 Rd4 40. Rxd4 exd4 41. Bb6 Rxa4 42. Ke2 Kf7 43. Kd3 Ke6 44. h4 Kd5 45. h5 Ra3+ 46. Ke2 Ke4 47. h6 d3+ 48. Ke1 Ra1# 0-1


[Site "https://www.chess.com"]

[Event "Titled Tuesday Blitz May 16 Early 2023"]
[White "Mamedov, Edgar"]
[Black "Rodchenkov, Sergey D."]
[WhiteFideId "13739980"]
[BlackFideId "4168712"]
[WhiteElo "2317"]
[BlackElo "2277"]
[Result "1-0"]
[Round "05"]
[TimeControl "180+2"]
[Date "2023.05.16"]
[WhiteClock "0:01:45"]
[BlackClock "0:00:04"]

1. d4 d5 2. Nc3 Nf6 3. Bf4 c5 4. e4 cxd4 5. Qxd4 Nc6 6. Bb5 Bd7 7. Bxc6 Bxc6 8. e5 Nd7 9. e6 fxe6 10. Nf3 Qb6 11. O-O-O Qxd4 12. Rxd4 g5 13. Bxg5 e5 14. Rdd1 e6 15. Rhe1 Rg8 16. Bh4 Bh6+ 17. Kb1 e4 18. Nd4 Kf7 19. Nxc6 bxc6 20. Nxe4 Rg4 21. Nd6+ Kg7 22. Rxe6 Rxh4 23. Nf5+ Kf7 24. Rxc6 Ne5 25. Rc7+ Ke6 26. Nxh4 Rb8 27. Nf3 Nc4 28. Rc6+ Kf7 29. Ne5+ Nxe5 30. Rxh6 Kg7 31. Re6 Nc4 32. b3 Na3+ 33. Kb2 Nb5 1-0


[Site "https://www.chess.com"]

[Event "Titled Tuesday Blitz May 16 Early 2023"]
[White "Liu, Casper"]
[Black "bubeliang"]
[WhiteFideId "1454153"]
[WhiteElo "2221"]
[BlackElo "2600"]
[Result "0-1"]
[Round "05"]
[TimeControl "180+2"]
[Date "2023.05.16"]
[WhiteClock "0:01:47"]
[BlackClock "0:01:24"]

1. d4 Nf6 2. Bf4 d5 3. c3 g6 4. Nd2 Bg7 5. Ngf3 O-O 6. e3 c5 7. Ne5 Nc6 8. h3 Qb6 9. Qb3 c4 10. Qa3 Re8 11. b3 cxb3 12. axb3 Be6 13. c4 Nxd4 14. exd4 Qxd4 15. Nd3 Nh5 16. Rd1 Nxf4 17. Nf3 Qc3+ 18. Rd2 Nxd3+ 19. Bxd3 dxc4 20. Be2 Red8 21. Qxe7 Rxd2 0-1


[Site "https://www.chess.com"]

[Event "Titled Tuesday Blitz May 16 Early 2023"]
[White "Rangel, Daniel"]
[Black "Odegov, Artem"]
[WhiteFideId "2124475"]
[BlackFideId "34183644"]
[WhiteElo "2256"]
[BlackElo "2300"]
[Result "0-1"]
[Round "05"]
[TimeControl "180+2"]
[Date "2023.05.16"]
[WhiteClock "0:00:00"]
[BlackClock "0:01:01"]

1. c4 e6 2. g3 d5 3. Bg2 Nf6 4. Nf3 c5 5. O-O Nc6 6. cxd5 exd5 7. d4 Be7 8. Nc3 O-O 9. dxc5 Bxc5 10. b3 Be6 11. Bb2 a6 12. Na4 Ba7 13. Rc1 Rc8 14. Ne5 Nxe5 15. Bxe5 Ne4 16. Rxc8 Qxc8 17. Qa1 f6 18. Bd4 Bxd4 19. Qxd4 b5 20. Nb6 Qc3 21. Qxc3 Nxc3 22. a4 Nxe2+ 23. Kh1 Rd8 24. Re1 Nd4 25. a5 Kf7 26. b4 Nc2 27. Rc1 Nxb4 28. Rc7+ Kg6 29. h4 d4 30. Be4+ Kh6 31. Bf3 d3 32. Bd1 d2 33. f4 Nd3 34. Kg2 Nb2 0-1


[Site "https://www.chess.com"]

[Event "Titled Tuesday Blitz May 16 Early 2023"]
[White "Bagwe Gaurang"]
[Black "Jaivardhan Raj"]
[WhiteFideId "45039895"]
[BlackFideId "25744437"]
[WhiteElo "1847"]
[BlackElo "1772"]
[Result "1-0"]
[Round "05"]
[TimeControl "180+2"]
[Date "2023.05.16"]
[WhiteClock "0:02:14"]
[BlackClock "0:01:03"]

1. e4 c5 2. Nf3 e6 3. c3 Nc6 4. d4 cxd4 5. cxd4 d5 6. e5 Bb4+ 7. Nc3 Nge7 8. Bd3 Qb6 9. O-O Bd7 10. a3 Bxc3 11. bxc3 Rc8 12. Rb1 Qc7 13. Bd2 Na5 14. Qe2 a6 15. Be1 b5 16. Nd2 Nc4 17. Nxc4 bxc4 18. Bc2 Nc6 19. f4 g6 20. Bh4 h5 21. Bf6 Rg8 22. Rf3 Na7 23. Rg3 Bc6 24. f5 exf5 25. Bxf5 Bd7 26. e6 fxe6 27. Bxe6 Bxe6 28. Qxe6+ Kf8 29. Rf1 1-0


[Site "https://www.chess.com"]

[Event "Titled Tuesday Blitz May 16 Early 2023"]
[White "Kohler, Aran"]
[Black "Shvedova, Alexandra"]
[WhiteFideId "1002856"]
[BlackFideId "54154782"]
[WhiteElo "2399"]
[BlackElo "1973"]
[Result "0-1"]
[Round "05"]
[TimeControl "180+2"]
[Date "2023.05.16"]
[WhiteClock "0:00:03"]
[BlackClock "0:00:38"]

1. d4 Nf6 2. Nf3 d5 3. Bg5 Ne4 4. Bh4 c5 5. e3 Nc6 6. c3 Qb6 7. Qb3 c4 8. Qxb6 axb6 9. Nbd2 Bf5 10. a3 h6 11. Nxe4 Bxe4 12. Nd2 Bh7 13. Bg3 b5 14. Rc1 e6 15. Be2 Kd7 16. O-O Be7 17. h4 Na7 18. f3 Nc8 19. e4 Nb6 20. Bd1 h5 21. Re1 g5 22. hxg5 Bxg5 23. f4 Be7 24. Bc2 h4 25. Bh2 Rag8 26. exd5 exd5 27. Bxh7 Rxh7 28. Kh1 Rhg7 29. Re2 Rg4 30. Nf3 f6 31. Rce1 Bd8 32. f5 Nc8 33. Re6 Rxg2 34. Rg1 Rxg1+ 35. Nxg1 Be7 36. Nh3 Nd6 37. Bxd6 Bxd6 38. Rxf6 Rg3 39. Ng1 Rd3 40. Rf7+ Ke8 41. Rxb7 Rd2 42. Nf3 Rxb2 43. a4 Rf2 44. Ne5 bxa4 45. Ra7 a3 46. Nf7 Be7 47. Ne5 a2 48. Kg1 Rb2 49. Nc6 Rb1+ 50. Kg2 a1=Q 51. Rxe7+ Kf8 52. f6 Rb2+ 53. Kf3 Qf1+ 54. Kg4 Rg2+ 55. Kh5 Qf5+ 0-1


[Site "https://www.chess.com"]

[Event "Titled Tuesday Blitz May 16 Early 2023"]
[White "Shuvalov, Evgenij"]
[Black "Hinds, Nathan"]
[WhiteFideId "4187237"]
[BlackFideId "7400730"]
[WhiteElo "2080"]
[BlackElo "2001"]
[Result "1-0"]
[Round "05"]
[TimeControl "180+2"]
[Date "2023.05.16"]
[WhiteClock "0:00:25"]
[BlackClock "0:00:00"]

1. d4 Nf6 2. c4 e6 3. Nc3 Bb4 4. f3 d5 5. a3 Bxc3+ 6. bxc3 c5 7. cxd5 exd5 8. e3 O-O 9. Bd3 Nc6 10. Ne2 cxd4 11. cxd4 Re8 12. O-O Na5 13. Ng3 Nc4 14. e4 Be6 15. e5 Nd7 16. f4 Qh4 17. Be2 Nf8 18. f5 Bd7 19. Rf4 Qe7 20. Nh5 f6 21. Rg4 Ng6 22. fxg6 Bxg4 23. gxh7+ Kh8 24. Bxg4 fxe5 25. Ra2 exd4 26. Re2 Qf7 27. Qxd4 Rxe2 28. Bxe2 Re8 29. Ng3 Qe6 30. Bf4 b5 31. h4 a6 32. h5 Nd6 33. h6 Re7 34. hxg7+ Rxg7 35. Be5 Ne8 36. Nh5 Qg6 37. Nxg7 Nxg7 38. Bf3 Kxh7 39. Bxg7 Qxg7 40. Qxd5 Qa1+ 41. Kh2 Qe5+ 42. Qxe5 1-0


[Site "https://www.chess.com"]

[Event "Titled Tuesday Blitz May 16 Early 2023"]
[White "Tomiello, Mateus Costamilan"]
[Black "Nastase, Robert-Paul"]
[WhiteFideId "22701958"]
[BlackFideId "1221175"]
[WhiteElo "1990"]
[BlackElo "2175"]
[Result "1/2-1/2"]
[Round "05"]
[TimeControl "180+2"]
[Date "2023.05.16"]
[WhiteClock "0:00:27"]
[BlackClock "0:00:08"]

1. e4 c5 2. Nf3 d6 3. d4 cxd4 4. Nxd4 Nf6 5. Nc3 a6 6. Be2 e6 7. O-O Be7 8. a4 O-O 9. Be3 Bd7 10. a5 Nc6 11. Nxc6 Bxc6 12. f3 Qc7 13. Bb6 Qb8 14. Qd2 d5 15. exd5 Nxd5 16. Nxd5 Bxd5 17. c4 Bc6 18. Rfd1 Qe5 19. Qd4 Qxd4+ 20. Rxd4 Bf6 21. Rd2 e5 22. Bd3 Rfe8 23. Be4 Rac8 24. c5 Bg5 25. Rd6 Be3+ 26. Kf1 Bxe4 27. fxe4 Bxc5 28. Bxc5 Rxc5 29. Rb6 Re7 30. Rd1 g6 31. Rd8+ Kg7 32. b4 Rc4 33. Rb8 Rxe4 34. R8xb7 Rxb7 35. Rxb7 Rc4 36. Ke2 e4 37. Rb6 f5 38. Ke3 Kh6 39. g3 Kg5 40. Rxa6 Rxb4 41. Ra7 Rb3+ 42. Kd4 Rd3+ 43. Kc4 f4 44. gxf4+ Kxf4 45. Rxh7 Ra3 46. Rf7+ Ke3 47. Kb4 Ra2 48. Rf6 g5 49. Rg6 Kf4 50. Rf6+ Ke5 51. Rh6 e3 52. Rh8 e2 53. Re8+ Kf4 54. Kb3 Rd2 55. a6 Rd6 56. a7 Ra6 57. Rxe2 Rxa7 58. Kc4 Rd7 59. Rg2 g4 60. Kc3 Kf3 61. Rg3+ Kf4 62. Kc4 Rd1 63. Rg2 Kf3 64. Rg3+ Kf4 65. Rg2 Rh1 66. Kc3 Kf3 67. Rg3+ Kf4 68. Rg2 Rf1 69. Kd2 Kf3 70. Rg3+ Kf4 71. Ke2 Rh1 72. Rg2 Ra1 73. Rf2+ Kg5 74. Ke3 Ra3+ 75. Ke4 Kh4 76. Rf8 Ra4+ 77. Ke3 Ra3+ 78. Kf2 Ra2+ 79. Kg1 Ra1+ 80. Kg2 Ra2+ 81. Rf2 Rxf2+ 82. Kxf2 Kh3 83. Kg1 g3 84. hxg3 Kxg3 1/2-1/2


[Site "https://www.chess.com"]

[Event "Titled Tuesday Blitz May 16 Early 2023"]
[White "Prieto Aranguren, Alain"]
[Black "Kubicka, Anna"]
[WhiteFideId "2268906"]
[BlackFideId "1152254"]
[WhiteElo "2209"]
[BlackElo "2144"]
[Result "0-1"]
[Round "05"]
[TimeControl "180+2"]
[Date "2023.05.16"]
[WhiteClock "0:00:25"]
[BlackClock "0:01:04"]

1. e4 c5 2. a3 g6 3. h4 h5 4. Nh3 Bg7 5. Ng5 Nc6 6. Bc4 e6 7. O-O Nge7 8. Nc3 d5 9. exd5 exd5 10. Ba2 O-O 11. d3 Bg4 12. Qd2 Qd7 13. Re1 Rae8 14. Qf4 Nf5 15. Rxe8 Rxe8 16. Nf3 Ne5 17. Nxd5 Nxf3+ 18. gxf3 Re1+ 19. Kg2 Bh3+ 20. Kxh3 Ne3+ 21. Kh2 Rh1+ 22. Kxh1 Qh3+ 23. Qh2 Qxf3+ 24. Kg1 Qd1# 0-1


[Site "https://www.chess.com"]